 Dungeon Crawl Stone Soup version 0.17-a0-2122-g03d97ec (webtiles) character file.

19874 Thabrinkk the Severer (level 12, -36/124 HPs)
             Began as a Demonspawn Berserker on Oct 21, 2015.
             Was a High Priest of Trog.
             Killed from afar by an orc sorcerer (38 damage)
             ... with a bolt of negative energy
             ... led by an orc warlord
             ... on level 4 of the Orcish Mines.
             The game lasted 00:22:14 (11332 turns).

Thabrinkk the Severer (Demonspawn Berserker)       Turns: 11332, Time: 00:22:15

Health: -36/124    AC: 16    Str: 22    XL:     12   Next: 40%
Magic:  0/12       EV:  5    Int: 15    God:    Trog [*****.]
Gold:   1447       SH:  0    Dex: 12    Spells: 0 memorised, 11 levels left

rFire  . . .     SeeInvis +     K - +5 battleaxe (freeze)
rCold  + . .     Clarity  .     s - +3 plate armour
rNeg   . . .     SustAt   .     (no shield)
rPois  .         Gourm    .     (no helmet)
rElec  .         Spirit   +     (no cloak)
rCorr  .         Warding  .     (gloves unavailable)
rMut   .         Stasis   .     (no boots)
MR     ++...                    (no amulet)
Stlth  ..........               L - ring of protection from cold
                                g - ring of see invisible

@: berserking, lethally poisoned (-36 -> -36), regenerating, heavily drained,
very quick, very resistant to hostile enchantments, extremely unstealthy
A: claws 3, molten scales 2, magic shield, magic regeneration
a: Berserk, Trog's Hand, Brothers in Arms, Burn Spellbooks, Renounce Religion


You were on level 4 of the Orcish Mines.
You worshipped Trog.
Trog was extremely pleased with you.
You were not hungry.

You visited 2 branches of the dungeon, and saw 13 of its levels.
You also visited: Ice Cave.

You collected 1447 gold pieces.

Inventory:

Hand Weapons
 a - a +0 hand axe
 h - a +1 battleaxe of freezing
 u - the +2 dagger of Context {holy, rElec, unknown}
   (You found it on level 9 of the Dungeon)

   It has been blessed by the Shining One to cause great damage to the undead
   and demons.
   It insulates you from electricity.
 y - a +1 broad axe of chopping
 D - a +2 antimagic executioner's axe
 H - the +8 hand axe "Hitus" {venom, rC+ rN+ SInv}
   (You found it on level 7 of the Dungeon)

   It poisons the flesh of those it strikes.
   It protects you from cold.
   It protects you from negative energy.
   It lets you see invisible.
 K - a +5 battleaxe of freezing (weapon)
Armour
 b - a +0 animal skin
 k - a +1 plate armour
 s - a +3 plate armour (worn)
 I - a +2 buckler
 J - a +0 pair of gloves
Jewellery
 g - a ring of see invisible (left claw)
 L - a ring of protection from cold (right claw)
Wands
 j - a wand of flame (16)
 t - a wand of slowing (35)
 B - a wand of frost (27)
 E - a wand of draining (10)
 G - a wand of frost (9)
 O - a wand of fireball (13)
Scrolls
 d - a scroll of amnesia
 e - 4 scrolls of enchant armour
 i - 3 scrolls of enchant weapon
 l - 4 scrolls of identify
 m - 2 scrolls of teleportation
 n - 10 scrolls of remove curse
 o - a scroll of fog
 C - 4 scrolls of immolation
Potions
 f - a potion of heal wounds
 q - a potion of flight
 v - a potion of resistance
 w - a potion of haste
 x - a potion of curing
 z - 2 potions of degeneration
 A - a potion of poison
Books
 M - a Grand Grimoire

   Spells                             Type                      Level
   a - Monstrous Menagerie            Summoning                    6
   b - Summon Greater Demon           Summoning                    7
   c - Malign Gateway                 Summoning/Translocation      7
   d - Summon Horrible Things         Summoning                    8
   Trog disapproves of the use of such an item.
Miscellaneous
 r - 2 phantom mirrors
Comestibles
 c - a bread ration
 p - 12 fruits
 F - 3 beef jerkies


   Skills:
 + Level 4.2(2.9) Fighting
 + Level 17.5(15.6) Axes
 + Level 3.2(1.9) Armour
 - Level 1.7(0.5) Dodging


You had 11 spell levels left.
You didn't know any spells.

Dungeon Overview and Level Annotations

Branches:
Dungeon (9/15)             Temple (0/1) D:7            Lair (0/8) D:8
    Orc (4/4) D:9             Elf (0/3) Orc:3

Altars:
Ashenzari
Elyvilon
Fedhas
Gozag
Kikubaaqudgha
Nemelex Xobeh
Okawaru
Ru
Trog
Vehumet
Xom
Yredelemnul
Zin
The Shining One
Beogh

Shops:
D:9 [   Orc:4 :

Annotations:
D:3 Oper80's ghost, amateur DgCj


Innate Abilities, Weirdness & Mutations

You have claws for hands.
You are mostly covered in molten scales (AC +3, EV -1).
When hurt, damage is shared between your health and your magic reserves.
You regenerate magic rapidly.


Message History

Trog accepts your kill.
Your Fighting skill increases to level 4!
Your Armour skill increases to level 3!
You slice the orc wizard!! You freeze the orc wizard.
You kill the orc wizard!
Trog accepts your kill.
Trog appreciates your killing of a magic user.
The orc sorcerer casts a spell at you.
The bolt of negative energy hits the orc priest.
The orc priest is drained!
The orc priest dies!
The bolt of negative energy hits you!
You feel drained.
* * * LOW HITPOINT WARNING * * *
You feel sick. The orc hits you but does no damage.
The orc sorcerer casts a spell at you.
The bolt of negative energy hits the orc.
The orc is drained!
The orc dies!
The bolt of negative energy hits you!
You feel drained.
You die...

........#....##
#....
.....8.8.....#
#####
............##
...##'[)##...#
#...).###....
#8...8# #.#. ##
##)))## ....
#...#[).# ...
#...))@.+
#...#)).#
#####o8o# #oo.#
'...' .#...#.
##...### 8...8


You could see an orc sorcerer (frenzied), 2 orc warriors and an orc (frenzied).

Vanquished Creatures
  A frost giant (IceCv)
  An orc warlord (Orc:4)
  The ghost of ornom0n the Grappler, a journeyman TrMo of Trog (Orc:4)
  An orc high priest (Orc:4)
  A death yak (IceCv)
  An ice statue (IceCv)
  An orc knight (Orc:4)
  Joseph (D:8)
  A troll (D:9)
  19 polar bears
  2 two-headed ogres
  Sigmund (D:2)
  18 yaks
  2 wargs (Orc:4)
  12 wolves
  Duvessa (D:4)
  12 orc warriors
  A wasp (D:9)
  A sky beast (D:9)
  2 phantoms
  5 ice beasts
  4 ogres
  4 centaurs
  The ghost of alpinistek the Magician, an amateur DsIE (D:4)
  8 giant frogs
  Dowan (D:4)
  2 scorpions
  10 killer bees
  2 crimson imps
  10 orc priests
  2 jellies (D:8)
  22 orc wizards
  6 hounds
  2 centaur skeletons
  An iguana (D:4)
  5 worker ants
  A hound zombie (D:7)
  A hound skeleton (D:5)
  A worker ant zombie (D:5)
  4 gnolls (D:4)
  10 adders
  A shadow imp (D:5)
  An ooze (D:4)
  2 adder zombies
  2 worms (D:3)
  An adder skeleton (D:5)
  2 giant geckos (D:3)
  81 orcs
  5 giant cockroaches
  8 goblins
  3 hobgoblins
  5 jackals
  4 quokkas
  3 ball pythons
  15 bats
  A giant gecko skeleton (D:5)
  7 giant newts
  A jackal zombie (D:8)
  10 kobolds
  3 quokka skeletons
  2 quokka zombies
  9 rats
348 creatures vanquished.

Vanquished Creatures (others)
  A wolf (IceCv)
  An orc priest (Orc:4)
  An orc (Orc:4)
3 creatures vanquished.

Grand Total: 351 creatures vanquished

Notes
Turn   | Place    | Note
--------------------------------------------------------------
     0 | D:1      | Thabrinkk the Demonspawn Berserker began the quest for the Orb.
     0 | D:1      | Reached XP level 1. HP: 18/18 MP: 1/1
   224 | D:1      | Gained mutation: When hurt, damage is shared between your health and your magic reserves. [demonic ancestry]
   224 | D:1      | Reached XP level 2. HP: 14/24 MP: 2/2
   781 | D:1      | Reached ** piety under Trog
  1050 | D:1      | Reached XP level 3. HP: 29/29 MP: 3/3
  1195 | D:2      | Reached skill level 4 in Axes
  1216 | D:2      | Noticed Sigmund
  1230 | D:2      | Killed Sigmund
  1230 | D:2      | Reached skill level 5 in Axes
  1230 | D:2      | Gained mutation: You are partially covered in molten scales (AC +1). [demonic ancestry]
  1230 | D:2      | Reached XP level 4. HP: 27/35 MP: 4/4
  1230 | D:2      | Gained mutation: You have sharp fingernails. [demonic ancestry]
  1230 | D:2      | Reached XP level 5. HP: 31/41 MP: 5/5
  1470 | D:2      | Reached skill level 6 in Axes
  1849 | D:2      | Gained mutation: You have very sharp fingernails. [demonic ancestry]
  1849 | D:2      | Reached XP level 6. HP: 47/47 MP: 6/6
  1961 | D:2      | Reached *** piety under Trog
  2381 | D:3      | Noticed Oper80's ghost (amateur DgCj)
  2542 | D:3      | Found a faded altar to an unknown god.
  2627 | D:3      | Found a sparkling altar of Nemelex Xobeh.
  2787 | D:3      | Found a glowing golden altar of the Shining One.
  2789 | D:3      | Found an opulent altar of Gozag.
  2995 | D:4      | Noticed alpinistek's ghost (amateur DsIE)
  2996 | D:4      | Reached skill level 7 in Axes
  3010 | D:4      | Killed alpinistek's ghost
  3010 | D:4      | Reached XP level 7. HP: 52/52 MP: 5/7
  3235 | D:4      | Noticed Duvessa
  3236 | D:4      | Noticed Dowan
  3242 | D:4      | Killed Duvessa
  3243 | D:4      | Killed Dowan
  3243 | D:4      | Reached skill level 8 in Axes
  3364 | D:4      | Found a glowing silver altar of Zin.
  3372 | D:4      | Noticed an angel
  3373 | D:4      | Found a shimmering altar of Xom.
  3410 | D:4      | Found a white marble altar of Elyvilon.
  3410 | D:4      | Found an iron altar of Okawaru.
  3414 | D:4      | Reached **** piety under Trog
  3778 | D:5      | Entered Level 5 of the Dungeon
  4013 | D:5      | Found a bloodstained altar of Trog.
  4840 | D:6      | Gained mutation: You are mostly covered in molten scales (AC +3, EV -1). [demonic ancestry]
  4840 | D:6      | Reached XP level 8. HP: 58/58 MP: 8/8
  4842 | D:6      | Reached skill level 9 in Axes
  5110 | D:6      | Found a radiant altar of Vehumet.
  5166 | D:6      | Found a shattered altar of Ashenzari.
  5189 | D:6      | Found a sacrificial altar of Ru.
  5192 | D:6      | Found a blossoming altar of Fedhas.
  5195 | D:6      | Found an ancient bone altar of Kikubaaqudgha.
  5424 | D:7      | Reached skill level 10 in Axes
  6031 | D:7      | Found a staircase to the Ecumenical Temple.
  6205 | D:7      | Got a brightly glowing hand axe
  6206 | D:7      | Identified the +8 hand axe "Hitus" {venom, rC+ rN+ SInv} (You found it on level 7 of the Dungeon)
  6711 | D:8      | Reached skill level 11 in Axes
  6711 | D:8      | Reached XP level 9. HP: 55/63 MP: 9/9
  6902 | D:8      | Noticed Joseph
  6917 | D:8      | Killed Joseph
  6997 | D:8      | Reached skill level 12 in Axes
  7038 | D:8      | Found a staircase to the Lair.
  7039 | D:8      | Found a basalt altar of Yredelemnul.
  7564 | D:9      | Found a staircase to the Orcish Mines.
  7569 | D:9      | Reached skill level 13 in Axes
  7574 | D:9      | Gained mutation: You regenerate magic rapidly. [demonic ancestry]
  7574 | D:9      | Reached XP level 10. HP: 30/70 MP: 4/10
  7800 | D:9      | Reached ***** piety under Trog
  7869 | D:9      | Found Jealunn's Antique Armour Emporium.
  7982 | D:9      | Got a shimmering dagger
  8050 | Orc:1    | Entered Level 1 of the Orcish Mines
  8316 | Orc:1    | Found a frozen archway.
  8331 | Orc:1    | Reached skill level 14 in Axes
  8380 | IceCv    | Entered an ice cave
  8469 | IceCv    | Noticed an ice statue
  8751 | IceCv    | Killed an ice statue
  8751 | IceCv    | Reached skill level 15 in Axes
  8751 | IceCv    | Reached XP level 11. HP: 75/75 MP: 11/11
  9309 | IceCv    | HP: 5/112 [polar bear (1)]
  9684 | IceCv    | Reached skill level 16 in Axes
  9701 | IceCv    | Received a gift from Trog
  9773 | IceCv    | Noticed a frost giant
  9773 | IceCv    | Noticed a death yak
  9801 | IceCv    | Killed a frost giant
  9808 | IceCv    | Killed a death yak
  9826 | IceCv    | Reached skill level 17 in Axes
  9826 | IceCv    | Gained mutation: You have claws for hands. [demonic ancestry]
  9826 | IceCv    | Reached XP level 12. HP: 52/81 MP: 8/12
 10321 | Orc:3    | Found a staircase to the Elven Halls.
 10729 | Orc:4    | Entered Level 4 of the Orcish Mines
 10730 | Orc:4    | Noticed ornom0n's ghost (journeyman TrMo)
 10753 | Orc:4    | Killed ornom0n's ghost
 11033 | Orc:4    | Found a roughly hewn altar of Beogh.
 11054 | Orc:4    | Found Hickobon's Book Emporium.
 11300 | Orc:4    | Received a gift from Trog
 11309 | Orc:4    | Noticed an orc warlord
 11331 | Orc:4    | Killed an orc warlord
 11331 | Orc:4    | HP: 2/124 [orc sorcerer/bolt of negative energy[an orc warlord] (27)]
 11332 | Orc:4    | Killed from afar by an orc sorcerer

Vault maps used:
D:1:      dpeg_arrival_renting
D:2:      uniq_sigmund
D:3:      nicolae_overflow_hidden_temple, ecumenical_altar_2,
          lemuel_statue_altar
D:4:      grunt_temple_overflow_order_and_chaos_1,
          amethyst_overflow_temple_binary, uniq_duvessa
D:5:      bloody_trog, first_bread
D:6:      kennysheep_mini, grunt_temple_overflow_cloverleaf, grunt_tough_drop
D:7:      minmay_temple_entry_statues
D:8:      overflow_temple_1_default, lair_0_dummy, uniq_joseph
D:9:      cheibrodos_stairvault_heist, david_orc_2, serial_shops,
          nicolae_shop_trees, uniq_prince_ribbit1
Orc:1:    portal_ice_cave_entry_animals_and_master
Orc:2:    basic_altar
Orc:3:    nicolae_orc_pool_cavern
Orc:4:    grunt_orc_community_town_hall, grunt_orc_community_big_house_2,
          grunt_orc_community_big_house_2, grunt_orc_community_house_1,
          grunt_orc_community_house_1, grunt_orc_community_house_2,
          grunt_orc_community_house_1
IceCv:    ice_cave_caverns_03

Action                   |  1- 3 |  4- 6 |  7- 9 | 10-12 || total
-------------------------+-------+-------+-------+-------++-------
Melee: Hand axe          |   117 |   240 |   241 |   424 ||  1022
       Broad axe         |       |       |   143 |       ||   143
       Battleaxe         |       |       |       |   131 ||   131
Invok: Berserk           |     2 |     4 |     4 |     9 ||    19
       Trog's Hand       |       |       |       |     4 ||     4
  Use: Potion            |       |       |    13 |     4 ||    17
       Scroll            |       |       |    13 |     3 ||    16
 Stab: Sleeping          |     1 |       |       |       ||     1
  Eat: Chunk             |     2 |     8 |    10 |     5 ||    25
       Royal jelly       |       |     1 |       |       ||     1
       Bread ration      |       |       |     2 |     2 ||     4
       Meat ration       |       |       |       |     2 ||     2
